 Dungeon Crawl Stone Soup version 0.31.0-12-g77e489cdc1 (webtiles) character file.

Game seed: 10912632138363056847

49 Silvore the Trooper (level 3, -2/29 HPs)
             Began as a Demonspawn Fighter on Feb 12, 2024.
             Slain by a gnoll
             ... wielding a +0 whip
              (4 damage)
             ... on level 2 of the Dungeon.
             The game lasted 00:01:33 (1440 turns).

Silvore the Trooper (Demonspawn Fighter)            Turns: 1440, Time: 00:01:33

Health: -2/29      AC:  8    Str: 18    XL:     3   Next: 51%
Magic:  3/3        EV:  9    Int:  8    God:
Gold:   105        SH:  4    Dex: 12    Spells: 2/2 levels left

rFire   . . .        a - +1 long sword
rCold   . . .        c - +0 buckler
rNeg    + . .        b - +0 scale mail
rPois   .            e - +0 helmet
rElec   .            (no cloak)
rCorr   .            (no gloves)
SInv    .            (no boots)
Will    .....        (no amulet) Stlth
                     k - ring of positive energy
HPRegen 0.24/turn    (no ring)
MPRegen 0.08/turn

%: no passive effects
@: mighty
A: powered by pain 1
a: no special abilities


You were on level 2 of the Dungeon.
You visited 1 branch of the dungeon, and saw 2 of its levels.

You collected 105 gold pieces.

Inventory:

Hand Weapons
 a - a +1 long sword (weapon)
Armour
 b - a +0 scale mail (worn)
 c - a +0 buckler (worn)
 e - a +0 helmet (worn)
Jewellery
 k - a ring of positive energy (left hand)
Scrolls
 g - a scroll of acquirement {unknown}
 j - a scroll of fog {unknown}
 m - 2 scrolls of identify
Potions
 d - a potion of might
 f - 3 potions of heal wounds
 h - a potion of lignification
 i - a potion of invisibility {unknown}
 l - a potion of enlightenment {unknown}
 n - a potion of curing {unknown}


   Skills:
 + Level 3.3 Fighting
 + Level 2.5 Long Blades
 + Level 3.2 Armour
 + Level 0.3 Dodging
 + Level 2.9 Shields


You had 2 spell levels left.
You didn't know any spells.
Your spell library was empty.

Dungeon Overview and Level Annotations

Branches:
Dungeon (2/15)

Altars:

Annotations:
D:2 1 runed translucent door, Crazy Yiuf


Innate Abilities, Weirdness & Mutations

You sometimes gain a little power by taking damage.


Message History

A quokka is nearby!
You barely miss the quokka.
The quokka bites you but does no damage.
You block the quokka's attack.
You hit the quokka but do no damage.
The quokka bites you but does no damage.
The quokka bites you.
You closely miss the quokka. The quokka barely misses you.
You slash the quokka!
You kill the quokka!
You see here a quokka corpse.
You see here a quokka corpse.
There is a stone staircase leading up here.
There is a stone staircase leading down here.
A gnoll comes into view. It is wielding a +0 whip.
A gnoll is nearby!
A gnoll is nearby!
A gnoll is nearby!
A gnoll comes into view. It is wielding a +0 flail.
The gnoll shouts!
You hear a shout!
A gnoll comes into view.
It is wielding a +0 club and quivering a throwing net.
The gnoll hits you with a +0 whip!
You slash the gnoll!
The gnoll is severely wounded.
The gnoll hits you but does no damage.
You barely miss the gnoll.
The gnoll is severely wounded.
The gnoll hits you with a +0 whip.
You barely miss the gnoll.
The gnoll is severely wounded.
The gnoll hits you with a +0 flail. The gnoll hits you but does no damage.
The gnoll hits you with a +0 flail!
* * * LOW HITPOINT WARNING * * *
The gnoll barely misses you. The gnoll completely misses you.
Unknown command.
You feel very mighty all of a sudden. The gnoll hits you with a +0 club.
* * * LOW HITPOINT WARNING * * *
The gnoll hits you with a +0 whip.
You die...

......# #.... ...†..#
##################.... ###[.###
###..##....#...#........
##...###...###..........)......
######<....####...........###.###
..####..##..###...........# #†#
#......####...#...........# #.#
#....### ###..gg........## #.#
##.#..### #.....@g........###<#
#......###.#........).....##.#
###..#.....#...............#.#
##..##..#................#.#
###.#.>..................#.#
####........................#.#
........####................#.#
.##.###.# #................#.#
.##.# #.# ##..............##.#


You could see 3 gnolls.

Vanquished Creatures
  3 dart slugs (D:2)
  6 endoplasms
  4 goblins
  4 hobgoblins
  4 jackals (D:1)
  2 quokkas
  4 ball pythons (D:1)
  4 bats
  A frilled lizard (D:2)
  3 kobolds
  5 rats
40 creatures vanquished.

Notes
Turn   | Place    | Note
-------+----------+-------------------------------------------
     0 | D:1      | Silvore the Demonspawn Fighter began the quest for the Orb.
     0 | D:1      | Reached XP level 1. HP: 18/18 MP: 1/1
   252 | D:1      | Gained mutation: You sometimes gain a little power by
                  | taking damage. [demonic ancestry]
   252 | D:1      | Reached XP level 2. HP: 24/24 MP: 2/2
   832 | D:2      | Found a runed translucent door.
   833 | D:2      | Noticed Crazy Yiuf
   882 | D:2      | Reached XP level 3. HP: 13/29 MP: 3/3
  1440 | D:2      | Slain by a gnoll

Illustrated notes

Levels and vault maps discovered:
D:1:      dpeg_chamrin_arrival_tetris, layout_basic
D:2:      layout_rooms, uniq_crazy_yiuf_cottage

Skill      XL: |  1  2 |
---------------+-------+-----
Long Blades    | 2 |  2.5
Armour         | 3 |  3.2
Fighting       | |  3.3
Dodging        | |  0.3
Shields        | |  2.9

Action                     || total
---------------------------++-------
  Melee: Long sword        ||   121
    Use: Scroll            ||     5
         Potion            ||     1
 Armour: Scale mail        ||   111
  Dodge: Dodged            ||    43
  Block: Buckler           ||    26
